 Seeded DCSS version 0.30.0-29-ga12c61a403 (webtiles) character file.

Game seed: 7229806256980976716 (custom seed)

1 OTABOTABOTAB the Chiller (level 1, 13/13 HPs)
             Began as a Merfolk Ice Elementalist on June 25, 2023.
             Quit the game on level 1 of the Dungeon.
             The game lasted 00:01:27 (55 turns).

OTABOTABOTAB the Chiller (Merfolk Ice Elementalist)   Turns: 55, Time: 00:01:27

Health: 13/13      AC:  2    Str:  8    XL:     1   Next: 20%
Magic:  1/3        EV: 12    Int: 14    God:
Gold:   1164       SH:  0    Dex: 14    Spells: 3/4 levels left

rFire   . . .        (no weapon)
rCold   . . .        (no shield)
rNeg    . . .        a - +0 robe
rPois   .            (no helmet)
rElec   .            (no cloak)
rCorr   .            (no gloves)
SInv    .            (no boots)
Will    .....        (no amulet)
Stlth   ++           (no ring)
HPRegen 0.22/turn    (no ring)
MPRegen 0.08/turn

%: no passive effects
@: no status effects
A: (nimble swimmer 2), mertail
a: no special abilities


You were on level 1 of the Dungeon.
You visited 1 branch of the dungeon, and saw 1 of its levels.

You collected 1164 gold pieces.

Inventory:

Armour
 a - a +0 robe (worn)
 c - the +0 helmet of the Equinox {rElec rPois rC+}
   (You acquired it on level 1 of the Dungeon)

   rC:        It protects you from cold.
   rElec:     It insulates you from electricity.
   rPois:     It protects you from poison.
Magical Staves
 d - a staff of cold {rC+}
   (You acquired it on level 1 of the Dungeon)
Scrolls
 b - 2 scrolls of amnesia {unknown}
Potions
 M - a potion of magic


   Skills:
 + Level 2.7 Dodging
 + Level 2.2 Stealth
 + Level 2.0 Spellcasting
 + Level 4.4 Ice Magic


You had 3 spell levels left.
You knew the following spells:

 Your Spells              Type           Power      Damage    Failure   Level
a - Freeze                Ice            52%        1d6       4%          1

Your spell library contained the following spells:

 Spells                   Type           Power      Damage    Failure   Level
 Frozen Ramparts          Ice            26%        1d4       12%         3
 Ozocubu's Armour         Ice            13%        N/A       12%         3
 Summon Ice Beast         Ice/Summ       7%         N/A       67%         4


Dungeon Overview and Level Annotations

Branches:
Dungeon (1/15)

Altars:


Innate Abilities, Weirdness & Mutations

((You are very nimble when in or above water. (Stealth+, EV+, Speed+++)))
Your lower body shifts to a powerful aquatic tail in water.


Message History

Bad channel name 'Jiyva says' for runrest: 'Jiyva says: Divide and consume' Welcome, OTABOTABOTAB the Merfolk Ice Elementalist.
Game seed: 7229806256980976716 (custom seed)
Found a faded altar of an unknown god.
Found two stairs.
You open the door.
There is an open door here.
You now have 17 gold pieces.
b - 2 scrolls labelled FUSKUR VIKLOEP A quokka comes into view.
The quokka bites you.
You take 3 damage, and have 10/13 hp.
MASSIVE DAMAGE!!
Press: ? - help, Shift-Dir - straight line, f - quokka
Aim: a quokka You freeze the quokka.
The quokka bites you.
You take 1 damage, and have 9/13 hp.
You now have 2/3 mp.
Press: ? - help, Shift-Dir - straight line, f/p - quokka
Aim: a quokka (heavily wounded)
You freeze the quokka. The quokka closely misses you.
You now have 1/3 mp.
Press: ? - help, Shift-Dir - straight line, f/p - quokka
Aim: a quokka (severely wounded)
You freeze the quokka!
You kill the quokka!
You now have 0/3 mp.
c - 3 scrolls labelled RAGIOR NADERHA This is a scroll of acquirement!
Something appears at your feet!
d - a staff of cold {rC+} Something appears at your feet!
Okay, then.
Okay, then.
Okay, then.
Something appears at your feet!
c - the +0 helmet of the Equinox {rElec rPois rC+} You now have 1164 gold pieces (gained 1147).
Health restored: 13

############.#
#r# #.# #.#
##########.#
#..........# #
#.##########
#(#######.#
#..@......#
###########


There were no monsters in sight!

Vanquished Creatures
  A quokka (D:1)
1 creature vanquished.

Notes
Turn   | Place    | Note
-------+----------+-------------------------------------------
     0 | D:1      | OTABOTABOTAB the Merfolk Ice Elementalist began the quest
                  | for the Orb.
     0 | D:1      | Reached XP level 1. HP: 13/13 MP: 3/3
    50 | D:1      | Identified 3 scrolls of acquirement
    50 | D:1      | Acquired a staff of cold
    52 | D:1      | Acquired the +0 helmet of the Equinox {rElec rPois rC+}
    53 | D:1      | Acquired 1147 gold pieces
    55 | D:1      | Quit the game

Illustrated notes

Levels and vault maps discovered:
D:1:      spicycebolla_arrival_ecumenical, layout_loops_ring

Action                     || total
---------------------------++-------
   Cast: Freeze            ||     3
    Use: Scroll            ||     3
  Dodge: Dodged            ||     1

Levels and vault maps discovered:
D:1:      spicycebolla_arrival_ecumenical, layout_loops_ring

Table legend: (Time is in decaauts)
 A = Elapsed time spent in this place.
 B = Non-inter-level travel time spent in this place.
 C = Inter-level travel time spent in this place.
 D = Time resting spent in this place.
 E = Time spent auto-exploring this place.
 F = Levels seen in this place.
 G = Mean time per level.
                   A        B        C        D        E       F      G
               +--------+--------+--------+--------+--------+-----+--------+
         Total |     55 |     55 |      0 |      0 |     20 |   1 |   55.0 |
       Dungeon |     55 |     55 |      0 |      0 |     20 |   1 |   55.0 |
               +--------+--------+--------+--------+--------+-----+--------+

Top non-repeatable levels by time:
     D:1: 55 daAuts

Table legend:
 A = Kills in this place as a percentage of kills in the entire game.
 B = Kills by you in this place as a percentage of kills by you in the entire game.
 C = Kills by friends in this place as a percentage of kills by friends in the entire game.
 D = Other kills in this place as a percentage of other kills in the entire game.
 E = Experience gained in this place as a percentage of experience gained in the entire game.
 F = Experience gained in this place divided by the number of levels of this place that you have seen.
                   A       B       C       D       E      F
               +-------+-------+-------+-------+-------+----------------------
         Total | 100.0 | 100.0 |   N/A |   N/A | 100.0 |   2.0
       Dungeon | 100.0 | 100.0 |   N/A |   N/A | 100.0 |   2.0
               +-------+-------+-------+-------+-------+----------------------
